 Dungeon Crawl Stone Soup version 0.31-a0-1549-g5ff9445e89 (webtiles) character file.

Game seed: 11026840695025738554

56 grandjackal the Grave Robber (level 3, -1/27 HPs)
             Began as a Demonspawn Necromancer on Jan 2, 2024.
             Slain by a sky beast (6 damage)
             ... on level 3 of the Dungeon.
             The game lasted 00:02:45 (1140 turns).

grandjackal the Grave Robber (DsNe)                 Turns: 1140, Time: 00:02:45

Health: -1/27      AC:  4    Str:  8    XL:     3   Next: 71%
Magic:  1/6        EV: 12    Int: 15    God:
Gold:   85         SH:  0    Dex: 15    Spells: 5/6 levels left

rFire   . . .        (no weapon)
rCold   . . .        (no shield)
rNeg    . . .        a - +0 robe
rPois   .            (no helmet)
rElec   .            (no cloak)
rCorr   .            (no gloves)
SInv    .            k - +1 pair of boots {Fly}
Will    .....        (no amulet)
Stlth   ++           (no ring)
HPRegen 0.24/turn    (no ring)
MPRegen 0.10/turn

%: no passive effects
@: flying
A: hooves 1
a: no special abilities


You were on level 3 of the Dungeon.
You visited 1 branch of the dungeon, and saw 3 of its levels.

You collected 85 gold pieces.

Inventory:

Missiles
 i - 11 poisoned darts (quivered)
Armour
 a - a +0 robe (worn)
 k - a +1 pair of boots of flying (worn)
Scrolls
 c - 2 scrolls of teleportation {unknown}
 d - a scroll of enchant armour {unknown}
 f - a scroll of enchant weapon {unknown}
 g - a scroll of blinking {unknown}
 j - a scroll of identify {unknown}
Potions
 b - a potion of magic
 e - 2 potions of curing {unknown}
 h - a potion of mutation {unknown}
 l - a potion of invisibility {unknown}


   Skills:
 + Level 2.0 Fighting
 - Level 2.0 Dodging
 - Level 2.0 Stealth
 - Level 2.0 Spellcasting
 + Level 5.2 Necromancy


You had 5 spell levels left.
You knew the following spells:

 Your Spells              Type           Power      Damage    Failure   Level
a - Necrotise             Necr           68%        1d7       2%          1

Your spell library contained the following spells:

 Spells                   Type           Power      Damage    Failure   Level
 Vampiric Draining        Necr           17%        2d7       8%          3
 Animate Dead             Necr           17%        N/A       26%         4
 Curse of Agony           Necr           17%        N/A       58%         5


Dungeon Overview and Level Annotations

Branches:
Dungeon (2/15)

Altars:


Innate Abilities, Weirdness & Mutations

You have large cloven feet.


Message History

Confirm with . or Enter, or press ? or * to list all spells.
Aiming: Necrotise (safe; 2% risk of failure)
Press: ? - help, Shift-Dir - straight line, f/p - sky beast
Aim: a sky beast (moderately wounded, chance to affect: 75%)
The sky beast writhes in agony.
The sky beast hits you but does no damage.
Unknown command.
Casting: Necrotise (safe; 2% risk of failure)
Confirm with . or Enter, or press ? or * to list all spells.
Aiming: Necrotise (safe; 2% risk of failure)
Press: ? - help, Shift-Dir - straight line, f/p - sky beast
Aim: a sky beast (moderately wounded, chance to affect: 75%)
The sky beast struggles to resist.
The sky beast hits you. The sky beast shocks you.
Unknown command.
Casting: Necrotise (safe; 2% risk of failure)
Confirm with . or Enter, or press ? or * to list all spells.
Aiming: Necrotise (safe; 2% risk of failure)
Press: ? - help, Shift-Dir - straight line, f/p - sky beast
Aim: a sky beast (moderately wounded, chance to affect: 75%)
The sky beast writhes in agony.
The sky beast hits you. The sky beast shocks you.
* * * LOW HITPOINT WARNING * * *
Unknown command.
Casting: Necrotise (safe; 2% risk of failure)
Confirm with . or Enter, or press ? or * to list all spells.
Aiming: Necrotise (safe; 2% risk of failure)
Press: ? - help, Shift-Dir - straight line, f/p - sky beast
Aim: a sky beast (heavily wounded, chance to affect: 75%)
The sky beast writhes in agony.
The sky beast barely misses you.
Unknown command.
The sky beast attacks as it pursues you!
The sky beast misses you.
The sky beast attacks as it pursues you!
The sky beast hits you but does no damage.
The sky beast attacks as it pursues you!
The sky beast hits you.
* * * LOW HITPOINT WARNING * * *
The sky beast shocks you.
You die...

#...........#
##.#####†#####
#..# #.# #.##
#.# #. #.# #.
#.# #. #.# ...
#.# ..### #@#
...... #Y#
......###.#
..........##
/..........#
............#
............#
....|.......#
............#


You could see a sky beast.

Vanquished Creatures
  A bombardier beetle (D:3)
  A dart slug (D:1)
  A ball python (D:1)
  2 endoplasms (D:1)
  2 hobgoblins (D:1)
  3 jackals (D:1)
  A quokka (D:1)
  3 bats
  2 rats (D:1)
16 creatures vanquished.

Vanquished Creatures (collateral kills)
  A goblin (D:1)
  2 jackals (D:1)
3 creatures vanquished.

Grand Total: 19 creatures vanquished

Notes
Turn   | Place    | Note
-------+----------+-------------------------------------------
     0 | D:1      | grandjackal the Demonspawn Necromancer began the quest for
                  | the Orb.
     0 | D:1      | Reached XP level 1. HP: 13/13 MP: 3/3
   322 | D:1      | Gained mutation: You have large cloven feet. [demonic
                  | ancestry]
   322 | D:1      | Reached XP level 2. HP: 20/20 MP: 1/5
   711 | D:1      | Reached skill level 1 in Fighting
   988 | D:2      | You are sucked into a shaft and drop 1 floor!
  1031 | D:3      | Noticed a bombardier beetle
  1057 | D:3      | Killed a bombardier beetle
  1058 | D:3      | Reached skill level 5 in Necromancy
  1058 | D:3      | Reached XP level 3. HP: 27/27 MP: 0/6
  1128 | D:3      | Noticed a sky beast
  1140 | D:3      | Slain by a sky beast

Illustrated notes

Levels and vault maps discovered:
D:1:      denvon_arrival_planthouse, layout_rooms, serial_curves,
          eino_curves_01, eino_curves_04, eino_curves_03, st_stairs_3
D:2:      layout_basic
D:3:      layout_rooms

Skill      XL: |  1  2 |
---------------+-------+-----
Dodging        | 2 |  2.0
Stealth        | 2 |  2.0
Fighting       | 2 |  2.0
Necromancy     | 5 |  5.2
Spellcasting   | |  2.0

Action                     || total
---------------------------++-------
  Melee: Unarmed           ||    29
   Cast: Necrotise         ||    41
 Armour: Robe              ||    26
  Dodge: Dodged            ||    29

Table legend: (Time is in decaauts)
 A = Elapsed time spent in this place.
 B = Non-inter-level travel time spent in this place.
 C = Inter-level travel time spent in this place.
 D = Time resting spent in this place.
 E = Time spent auto-exploring this place.
 F = Levels seen in this place.
 G = Mean time per level.
                   A        B        C        D        E       F      G
               +--------+--------+--------+--------+--------+-----+--------+
         Total |   1139 |   1069 |     70 |    258 |    548 |   3 |  379.7 |
       Dungeon |   1139 |   1069 |     70 |    258 |    548 |   3 |  379.7 |
               +--------+--------+--------+--------+--------+-----+--------+

Top non-repeatable levels by time:
     D:1: 954 daAuts
     D:3: 151 daAuts
     D:2: 33 daAuts
